 Dungeon Crawl Stone Soup version 0.31-a0-214-gb37851dbb3 (webtiles) character file.

Game seed: 10290972493678285239

520 Brandom the Trooper (level 7, 0/55 HPs)
             Began as a Mummy Cinder Acolyte on July 1, 2023.
             Was a Priest of Ignis.
             Slain by a hornet zombie (10 damage)
             ... in an ossuary.
             The game lasted 00:13:32 (3370 turns).

Brandom the Trooper (Mummy Cinder Acolyte)          Turns: 3370, Time: 00:13:32

Health: 0/55       AC: 10    Str: 17    XL:     7   Next: 1%
Magic:  3/11       EV: 11    Int: 15    God:    Ignis [***...]
Gold:   187        SH:  2    Dex:  8    Spells: 8/12 levels left

rFire   . . .        a - -1 falchion (flame)
rCold   + . .        s - +0 buckler
rNeg    + + +        c - +0 leather armour
rPois   ∞            (no helmet)
rElec   .            (no cloak)
rCorr   .            (no gloves)
SInv    .            (no boots)
Will    .....        o - amulet of the acrobat
Stlth   +            (no ring)
HPRegen 0.29/turn    (no ring)
MPRegen 0.12/turn

%: acrobat, faith
@: fiery-armoured
A: cold resistance 1, negative energy resistance 3, torment resistance 2, heat
vulnerability 1, in touch with death 1, no potions, faith
a: Renounce Religion, Fiery Armour, Foxfire Swarm, Rising Flame


You were in an ossuary.
You worshipped Ignis.
Ignis was most pleased with you.
You visited 1 branch of the dungeon, and saw 4 of its levels.
You also visited: Ossuary.

You collected 187 gold pieces.

Inventory:

Hand Weapons
 a - a -1 falchion of flaming (weapon)
 j - a +1 whip of electrocution
   (You took it off a kobold on level 1 of the Dungeon)
 u - a +0 dagger of venom
   (You took it off a goblin on level 4 of the Dungeon)
Missiles
 g - 40 stones
 k - 4 boomerangs (quivered)
 m - a throwing net {!f}
 B - 5 poisoned darts
Armour
 b - a +0 robe
 c - a +0 leather armour (worn)
   (You found it on level 1 of the Dungeon)
 d - a +0 ring mail
   (You found it on level 1 of the Dungeon)
 e - a +0 scale mail
   (You found it on level 1 of the Dungeon)
 f - a +0 leather armour
   (You found it on level 1 of the Dungeon)
 h - a +0 chain mail
   (You found it on level 1 of the Dungeon)
 l - a +0 scale mail
   (You found it on level 2 of the Dungeon)
 n - a +0 leather armour
   (You found it on level 3 of the Dungeon)
 p - a +0 leather armour
   (You found it on level 3 of the Dungeon)
 q - a +0 chain mail
   (You found it on level 3 of the Dungeon)
 r - a +0 robe
   (You found it on level 3 of the Dungeon)
 s - a +0 buckler (worn)
   (You found it on level 3 of the Dungeon)
 t - a +3 leather armour of cold resistance
   (You took it off an orc on level 3 of the Dungeon)
 v - a +0 leather armour
   (You found it on level 3 of the Dungeon)
 w - a +0 robe
   (You found it on level 3 of the Dungeon)
 x - a +0 ring mail
   (You found it on level 3 of the Dungeon)
Jewellery
 o - an amulet of the acrobat (around neck)
   (You found it on level 2 of the Dungeon)
Scrolls
 z - a scroll of brand weapon
 A - a scroll of butterflies {unknown}
 C - a scroll of identify {@r1}


   Skills:
 + Level 4.7 Fighting
 - Level 2.6 Long Blades
 + Level 2.8 Dodging
 - Level 3.0 Spellcasting
 + Level 2.4 Necromancy
 - Level 3.0 Fire Magic
 + Level 2.0 Ice Magic


You had 8 spell levels left.
You knew the following spells:

 Your Spells              Type           Power      Damage    Failure   Level
a - Scorch                Fire           22%        2d5       14%         2
b - Freeze                Ice            32%        1d5       14%         1
c - Necrotise             Necr           56%        1d6       12%         1

Your spell library contained the following spells:

 Spells                   Type           Power      Damage    Failure   Level
 Vampiric Draining        Necr           14%        2d7       34%         3
 Frozen Ramparts          Ice            16%        1d3       38%         3
 Hailstorm                Conj/Ice       5%         3d4       54%         3
 Manifold Assault         Tloc           2%         N/A       97%         4
 Agony                    Necr           14%        N/A       97%         5
 Dispersal                Tloc           1%         N/A       100%        6
 Disjunction              Tloc           1%         N/A       100%        8


Dungeon Overview and Level Annotations

Branches:
Dungeon (4/15)            Ossuary (1/1)
 Temple: D:4-7

Altars:
Sif Muna


Innate Abilities, Weirdness & Mutations

You are immune to poison.
Your flesh is cold resistant. (rC+)
You are immune to negative energy. (rN+++)
You are immune to unholy pain and torment.
You are vulnerable to heat. (rF-)
You are in touch with the powers of death.
You do not drink.
You have a special connection with the divine. (Faith)


Message History

A hornet zombie and 2 mummies come into view.
As you read the scroll of blinking, it crumbles to dust.
The mummy barely misses you.
Your cloak of flame flares fiercely!
Activating: Foxfire Swarm
Press: ? - help, Dir - look around, f - activate Flames leap up around you!
The mummy closely misses you.
The foxfire hits the hornet zombie but does no damage.
A mummy comes into view.
You are too injured to fight recklessly!
You barely miss the mummy.
The foxfire hits the mummy.
The mummy is burned terribly!
The foxfire hits the mummy.
The mummy is burned terribly!
The foxfire hits the bullfrog zombie.
The foxfire hits the mummy.
The mummy is burned terribly!
The foxfire hits the hornet zombie.
The foxfire hits the bullfrog zombie.
The foxfire hits the hornet zombie.
The foxfire hits the mummy. x2
The mummy is burned terribly!
The foxfire hits the bullfrog zombie.
The foxfire hits the mummy.
The mummy is burned terribly!
The foxfire hits the mummy.
The bullfrog zombie is engulfed in a cloud of scalding steam.
The foxfire hits the bullfrog zombie.
The foxfire hits the mummy.
The mummy is engulfed in a cloud of scalding steam.
The mummy hits you.
* * * LOW HITPOINT WARNING * * *
The mummy is burned terribly!
The mummy is burned by your cloak of flames.
Activating: Foxfire Swarm
Press: ? - help, Dir - look around, f - activate Flames leap up around you!
The foxfire hits the hornet zombie.
The foxfire hits the bullfrog zombie.
You hit the mummy but do no damage.
The foxfire hits the mummy.
The mummy is burned terribly!
You destroy the mummy!
The foxfire hits the mummy.
The foxfire hits the bullfrog zombie.
The foxfire hits the mummy.
The mummy is burned terribly!
The foxfire hits the mummy.
You destroy the mummy!
The foxfire hits the bullfrog zombie. x4
You destroy the bullfrog zombie!
The foxfire hits the hornet zombie. x3
Your Ice Magic skill increases to level 2!
You have reached level 7!
Activating: Foxfire Swarm
Press: ? - help, Dir - look around, f - activate Flames leap up around you!
The hornet zombie is engulfed in a cloud of scalding steam.
The hornet zombie hits you but does no damage.
The hornet zombie is engulfed in a cloud of scalding steam.
The hornet zombie hits you!
You die...

#.#.#.~.#.#.#
#+#~~.~.~.~.~~# ≈#≈
+...~.M~.~Z~~~~.≈#≈≈
#.##M##'##'##~~###≈#
+.#M.§# ?? #Z~.≈≈≈#
##.#.∩.# #?! ~§~#≈≈#
.'.#..∩# #!! #


vvvv≈ ##.#####'#####v#vv## .'Z...~MZ~~~.~vv@vv# ##.#####'#####vvZ#v# .'.# #vvv#
# ##.# #M#≈~ +.# #.'.# #.# #~### +.. . #'# ~ #.# You could see a mummy (ally
target), a hornet zombie (ally target) and a howler monkey zombie (ally target).

Vanquished Creatures
  2 bullfrog zombies (Ossuary)
  11 mummies (Ossuary)
  A sleepcap (D:4)
  2 killer bee zombies (Ossuary)
  5 adders
  3 gnolls (D:2)
  A worm (D:2)
  3 dart slugs
  An orc (D:3)
  4 bats
  3 endoplasms
  2 giant cockroaches (D:2)
  6 goblins
  8 hobgoblins
  2 jackals (D:1)
  6 quokkas
  5 ball pythons
  5 frilled lizards
  5 kobolds
  5 rats
80 creatures vanquished.

Vanquished Creatures (others)
  30 foxfires (Ossuary)
30 creatures vanquished.

Grand Total: 110 creatures vanquished

Notes
Turn   | Place    | Note
-------+----------+-------------------------------------------
     0 | D:1      | Brandom the Mummy Cinder Acolyte began the quest for the
                  | Orb.
     0 | D:1      | Reached XP level 1. HP: 18/18 MP: 2/2
   315 | D:1      | Reached XP level 2. HP: 19/24 MP: 4/4
  1039 | D:1      | Gained mutation: You are in touch with the powers of death.
                  | [Mummy growth]
  1039 | D:1      | Reached XP level 3. HP: 17/29 MP: 6/6
  1042 | D:1      | Learned a level 2 spell: Scorch
  1243 | D:2      | Reached skill level 1 in Dodging
  1377 | D:2      | Found a faded altar of an unknown god.
  1515 | D:2      | Learned a level 1 spell: Freeze
  1554 | D:2      | Reached XP level 4. HP: 33/35 MP: 7/7
  2539 | D:3      | Reached XP level 5. HP: 42/42 MP: 9/9
  2705 | D:3      | Found a shimmering blue altar of Sif Muna.
  3033 | D:3      | Learned a level 1 spell: Necrotise
  3155 | D:4      | Reached skill level 1 in Ice Magic
  3187 | D:4      | Found a sand-covered staircase.
  3195 | Ossuary  | Entered an ossuary
  3236 | Ossuary  | Reached skill level 4 in Fighting
  3238 | Ossuary  | Reached skill level 1 in Necromancy
  3264 | Ossuary  | Reached XP level 6. HP: 21/48 MP: 2/10
  3370 | Ossuary  | Reached XP level 7. HP: 10/55 MP: 2/11
  3370 | Ossuary  | Slain by a hornet zombie

Illustrated notes

Levels and vault maps discovered:
D:1:      lightli_arrival_quake, layout_loops_ring
D:2:      layout_basic, shapermc_ecumenical_altar_starsandcircs
D:3:      layout_basic, nicolae_overflow_crystal_walls
D:4:      layout_rooms, nicolae_ossuary_entry_plus
Ossuary:  ossuary_zaba_flooded

Skill      XL: |  1  2  3  4  5  6 |
---------------+-------------------+-----
Spellcasting   | 2 3 |  3.0
Dodging        | 1 2 |  2.8
Fire Magic     | 3 |  3.0
Ice Magic      | 1 2 |  2.0
Fighting       | 4 |  4.7
Necromancy     | 1 2 |  2.4
Long Blades    | |  2.6

Action                     |  1- 3 |  4- 6 |  7- 9 || total
---------------------------+-------+-------+-------++-------
  Melee: Falchion          |   116 |    36 |       ||   152
         Whip              |    58 |    96 |       ||   154
  Throw: Boomerang         |       |    10 |       ||    10
         Throwing net      |       |     1 |       ||     1
   Cast: Freeze            |       |     7 |       ||     7
         Scorch            |       |    11 |       ||    11
 Invoke: Foxfire Swarm     |       |     3 |     1 ||     4
         Fiery Armour      |       |     2 |       ||     2
    Use: Scroll            |       |     7 |       ||     7
 Armour: Leather armour    |    60 |    29 |     1 ||    90
  Dodge: Dodged            |   103 |    85 |       ||   188
  Block: Buckler           |       |     6 |       ||     6

Table legend: (Time is in decaauts)
 A = Elapsed time spent in this place.
 B = Non-inter-level travel time spent in this place.
 C = Inter-level travel time spent in this place.
 D = Time resting spent in this place.
 E = Time spent auto-exploring this place.
 F = Levels seen in this place.
 G = Mean time per level.
                   A        B        C        D        E       F      G
               +--------+--------+--------+--------+--------+-----+--------+
         Total |   3424 |   3349 |     75 |    256 |   2217 |   5 |  684.8 |
       Dungeon |   3234 |   3159 |     75 |    168 |   2212 |   4 |  808.5 |
       Ossuary |    189 |    189 |      0 |     88 |      5 |   1 |  189.0 |
               +--------+--------+--------+--------+--------+-----+--------+

Top non-repeatable levels by time:
     D:1: 1105 daAuts
     D:2: 1095 daAuts
     D:3: 922 daAuts
 Ossuary: 189 daAuts
     D:4: 112 daAuts
